[Event "Titled Tuesday Blitz October 25 Late 2022"]
[White "Ardila, Oscar Humberto"]
[Black "Gritsenko, Nikolai"]
[WhiteFideId "4404742"]
[BlackFideId "14112493"]
[WhiteElo "1898"]
[BlackElo "2389"]
[Result "0-1"]
[Round "02"]
[TimeControl "180+1"]
[Date "2022.10.26"]
[WhiteClock "0:00:05"]
[BlackClock "0:00:12"]

1. d4 d5 2. c4 Nc6 3. Nf3 Bg4 4. c5 Bxf3 5. gxf3 e5 6. dxe5 Bxc5 7. Bf4 Nge7 8. Qc2 Bb4+ 9. Nd2 Ng6 10. Bg3 Ngxe5 11. O-O-O O-O 12. a3 Bd6 13. Nb3 Ne7 14. Rg1 N5g6 15. e3 c6 16. Bd3 Rc8 17. h4 Bxg3 18. Rxg3 c5 19. Bxg6 hxg6 20. h5 Nf5 21. Rh3 d4 22. hxg6 Qf6 23. gxf7+ Rxf7 24. Rdh1 Nh6 25. exd4 c4 26. Nc5 Qxd4 27. Ne6 Qf6 28. Re1 c3 29. b4 Re8 30. Qb3 b5 31. Rg3 c2 32. Kxc2 Kh8 33. Rh3 Rfe7 34. Rxh6+ gxh6 35. Rh1 Rxe6 36. Qd3 Re2+ 37. Kc1 Qa1+ 38. Qb1 Qc3+ 39. Kd1 Qd2# 0-1


[Site "https://www.chess.com"]

[Event "Titled Tuesday Blitz October 25 Late 2022"]
[White "Ashiku, Franc"]
[Black "Gedgafov, Chamal"]
[WhiteFideId "4700066"]
[BlackFideId "34130621"]
[WhiteElo "2306"]
[BlackElo "2067"]
[Result "0-1"]
[Round "02"]
[TimeControl "180+1"]
[Date "2022.10.26"]
[WhiteClock "0:00:07"]
[BlackClock "0:00:57"]

1. d4 d5 2. c4 c5 3. Nf3 Nf6 4. cxd5 cxd4 5. Qa4+ Qd7 6. Qxd7+ Bxd7 7. Nxd4 Nxd5 8. a3 Nc6 9. Nxc6 Bxc6 10. e4 Nc7 11. Nc3 e5 12. Be3 Ne6 13. f3 Bc5 14. Bxc5 Nxc5 15. O-O-O Nb3+ 16. Kb1 Nd4 17. Ne2 Nxe2 18. Bxe2 Ke7 19. b4 Rhd8 20. Kb2 Ba4 21. Rxd8 Rxd8 22. Re1 Rd2+ 23. Kc3 Rc2+ 24. Kd3 Ra2 25. Kc4 a6 26. Kc5 Kd7 27. Kb6 Kc8 28. Bc4 Rc2 29. Bd5 Kb8 30. h4 Rc7 31. h5 h6 32. Re3 Bc6 33. Bc4 Bd7 34. Bd5 Bc6 35. Bxc6 Rxc6+ 36. Ka5 Rc2 37. Ka4 Ka7 38. Rd3 Rxg2 39. Rd7 Rg5 40. b5 axb5+ 41. Kxb5 Rxh5 42. Rxf7 Rg5 43. Kc5 h5 44. Kd5 Rg3 45. Kxe5 h4 46. f4 h3 47. Rf8 Rg6 48. Rh8 Rh6 49. Rxh6 gxh6 50. f5 h2 51. f6 h1=Q 52. f7 Qa1+ 53. Ke6 Qg7 54. Ke7 Qe5+ 55. Kf8 Qxe4 0-1


[Site "https://www.chess.com"]

[Event "Titled Tuesday Blitz October 25 Late 2022"]
[White "Atanasov, Anthony"]
[Black "Brown, Andrew"]
[WhiteFideId "2623897"]
[BlackFideId "3206513"]
[WhiteElo "2048"]
[BlackElo "2245"]
[Result "1-0"]
[Round "02"]
[TimeControl "180+1"]
[Date "2022.10.26"]
[WhiteClock "0:01:16"]
[BlackClock "0:00:12"]

1. Nf3 g6 2. e4 Bg7 3. h4 h5 4. d4 c6 5. e5 d5 6. exd6 Qxd6 7. c4 Bg4 8. Be3 Nh6 9. Nc3 Nf5 10. Be2 Bxf3 11. Bxf3 Nxd4 12. Ne4 Qb4+ 13. Kf1 Qxc4+ 14. Kg1 Nxf3+ 15. Qxf3 Nd7 16. Rd1 Ne5 17. Qf4 f5 18. Ng5 Qxf4 19. Bxf4 Bf6 20. Ne6 Kf7 21. Bxe5 Bxe5 22. Ng5+ Kf6 23. g3 Rad8 24. Kg2 Bc7 25. f4 Rxd1 26. Rxd1 Rd8 27. Re1 e5 28. fxe5+ Bxe5 29. Rxe5 Rd2+ 30. Kh3 Rxb2 31. Re6+ Kg7 32. Re7+ Kf6 33. Re6+ Kg7 34. a3 c5 35. Re5 Kf6 36. Rxc5 f4 37. gxf4 Rb3+ 38. Kg2 Rxa3 39. Re5 a5 40. Ne4+ Kg7 41. Re7+ Kf8 42. Rxb7 Ra4 43. Nc5 Rc4 44. Nd7+ Ke8 45. Ne5 Rc2+ 46. Kf3 a4 47. Ra7 Rc3+ 48. Ke4 a3 49. Nxg6 Rh3 50. f5 Rg3 51. Kf4 Rg4+ 52. Ke5 Rg3 53. Ke6 Kd8 54. Ne5 Kc8 55. f6 Kb8 56. Nc6+ 1-0


[Site "https://www.chess.com"]

[Event "Titled Tuesday Blitz October 25 Late 2022"]
[White "Averjanov, Alexey"]
[Black "Bruha, Nicholas"]
[WhiteFideId "14109867"]
[BlackFideId "30938988"]
[WhiteElo "2682"]
[BlackElo "2182"]
[Result "0-1"]
[Round "02"]
[TimeControl "180+1"]
[Date "2022.10.26"]
[WhiteClock "0:00:01"]
[BlackClock "0:00:37"]

1. d4 Nf6 2. c4 b6 3. Nf3 Bb7 4. Nbd2 g6 5. g3 Bg7 6. Bg2 O-O 7. b3 c5 8. O-O cxd4 9. Nxd4 Bxg2 10. Kxg2 Qc7 11. Bb2 Nc6 12. Nxc6 dxc6 13. Qc2 Rad8 14. Rad1 c5 15. Nf3 Qc6 16. Rxd8 Rxd8 17. Rd1 Rxd1 18. Qxd1 Qd7 19. Qxd7 Nxd7 20. Bxg7 Kxg7 21. Kf1 e5 22. e3 Kf6 23. Ke2 h6 24. h4 Ke6 25. Nd2 Nf6 26. f3 h5 27. Nb1 e4 28. Nc3 exf3+ 29. Kxf3 a6 30. Kf4 Nd7 31. a4 Ne5 32. Nd5 Nd3+ 33. Ke4 Nc1 34. Nxb6 Nxb3 35. Nd5 Nd2+ 36. Kd3 Nf1 37. Nc7+ Kd6 38. Nxa6 Nxg3 39. e4 f5 40. exf5 Nxf5 41. a5 Nxh4 42. Ke3 Nf5+ 43. Kf4 Ne7 44. Nb8 Kc7 45. Na6+ Kc6 46. Nb8+ Kd6 47. a6 Nc6 48. a7 Nxa7 49. Kg5 Nc6 50. Na6 Ne5 51. Nb8 Nxc4 52. Na6 h4 53. Kxh4 Ne5 54. Kg5 Kd5 55. Nc7+ Kd4 56. Ne6+ Kd5 57. Nf4+ Ke4 58. Ne2 c4 59. Nc3+ Kd3 60. Nd5 Kd4 61. Nb4 c3 62. Kf6 Ke4 63. Nc2 Kf4 0-1


[Site "https://www.chess.com"]

[Event "Titled Tuesday Blitz October 25 Late 2022"]
[White "Babazada, Khazar"]
[Black "Runets, Ivan"]
[WhiteFideId "13413554"]
[BlackFideId "13511564"]
[WhiteElo "2367"]
[BlackElo "2076"]
[Result "1-0"]
[Round "02"]
[TimeControl "180+1"]
[Date "2022.10.26"]
[WhiteClock "0:00:22"]
[BlackClock "0:00:08"]

1. c4 Nf6 2. b3 g6 3. Bb2 Bg7 4. Nf3 O-O 5. e3 b6 6. Be2 Bb7 7. O-O d5 8. cxd5 Nxd5 9. Bxg7 Kxg7 10. Qc2 c5 11. Nc3 Nd7 12. Rfd1 N7f6 13. Rac1 Rc8 14. Nxd5 Qxd5 15. Qb2 Rfd8 16. Rc4 Ba6 17. Ne5 Bxc4 18. Bxc4 Qe4 19. Nxf7 Re8 20. Ng5 Qf5 21. h4 e5 22. Nf7 b5 23. Nd6 Qh5 24. f3 bxc4 25. bxc4 Rb8 26. Nxe8+ Rxe8 27. Qb7+ Kh6 28. Qxa7 e4 29. Rf1 Qxh4 30. Qxc5 Qg3 31. Rf2 Re5 32. Qf8+ Kh5 33. Qxf6 Rf5 34. Qe7 exf3 35. Qxh7+ Kg5 36. d4 fxg2 37. Rxg2 1-0


[Site "https://www.chess.com"]

[Event "Titled Tuesday Blitz October 25 Late 2022"]
[White "Badmatsyrenov, Oleg"]
[Black "Manukyan, Artyom"]
[WhiteFideId "24115762"]
[BlackFideId "13305786"]
[WhiteElo "2403"]
[BlackElo "2078"]
[Result "1/2-1/2"]
[Round "02"]
[TimeControl "180+1"]
[Date "2022.10.26"]
[WhiteClock "0:00:09"]
[BlackClock "0:00:04"]

1. e4 e5 2. Nc3 Nf6 3. f4 d5 4. Qe2 exf4 5. d4 dxe4 6. Nxe4 Nxe4 7. Qxe4+ Qe7 8. Qxe7+ Bxe7 9. Bxf4 c6 10. Bd3 O-O 11. Nf3 Nd7 12. O-O Nf6 13. c3 Be6 14. a3 a5 15. Rae1 Rfe8 16. Ng5 Bb3 17. h3 h6 18. Nf3 a4 19. Nd2 Be6 20. Be5 Rad8 21. Bc2 c5 22. Bxa4 Rf8 23. Bxf6 Bxf6 24. Ne4 cxd4 25. Nxf6+ gxf6 26. cxd4 Rxd4 27. Bc2 Kg7 28. Re3 Rc8 29. Rf2 h5 30. Be4 b5 31. Bf5 Rc1+ 32. Kh2 Bxf5 33. Rxf5 h4 34. Rh5 Kg6 35. Rh8 Kg7 36. Ree8 f5 37. Rh5 Kg6 38. Reh8 Rc2 39. Rxh4 Rxh4 40. Rxh4 Rxb2 41. Rb4 Ra2 42. Rb3 Kg5 43. Kg3 f6 44. Kf3 Kg6 45. h4 Kh5 46. g3 Ra1 47. Rxb5 Rxa3+ 48. Kf4 Kg6 49. Rb8 Ra4+ 50. Kf3 Ra3+ 51. Kf2 f4 52. g4 Rh3 53. h5+ Kf7 54. Rb4 f3 55. Rf4 Kg7 56. Rxf3 Rh4 57. Kg3 Rh1 58. Ra3 Rg1+ 59. Kf4 Rf1+ 60. Rf3 Ra1 61. Re3 Ra4+ 62. Re4 Ra5 63. Re7+ Kg8 64. Rb7 Rc5 65. Ra7 Rb5 66. Rd7 Rc5 67. Ke4 Rb5 68. Rd5 Rb1 69. Kf5 Rg1 70. Rd4 Kg7 71. Rd7+ Kg8 72. Rb7 Rg2 73. Ra7 Rg1 74. Rb7 Rg2 75. Rb6 Kg7 76. Rb4 Rg1 77. Ra4 Rf1+ 78. Rf4 Rg1 79. Re4 Rf1+ 80. Ke6 Rg1 81. Rd4 Re1+ 82. Kf5 Rf1+ 83. Rf4 Re1 84. Rf3 Rg1 85. Kf4 Kh6 86. Rd3 Kg7 87. Rd7+ Kg8 88. Rc7 Rf1+ 89. Ke4 Rf2 90. Rb7 Rf1 91. Rb5 Rf2 92. Rf5 Re2+ 93. Kf3 Re1 94. Kf2 Re6 95. Kg3 Kg7 96. Rd5 Re3+ 97. Kf4 Re1 98. Rd7+ Kg8 99. Kf5 Rg1 100. Rd4 Kg7 101. Ra4 Rf1+ 102. Ke6 Re1+ 103. Kf5 Rf1+ 1/2-1/2


[Site "https://www.chess.com"]

[Event "Titled Tuesday Blitz October 25 Late 2022"]
[White "Baglan, Esat"]
[Black "Djordjevic, Vuk"]
[WhiteFideId "6309216"]
[BlackFideId "902098"]
[WhiteElo "2231"]
[BlackElo "2456"]
[Result "1-0"]
[Round "02"]
[TimeControl "180+1"]
[Date "2022.10.26"]
[WhiteClock "0:00:21"]
[BlackClock "0:00:02"]

1. e4 d5 2. exd5 Qxd5 3. Nc3 Qd6 4. Nf3 Nf6 5. d4 c6 6. g3 Bg4 7. Bg2 e6 8. h3 Bxf3 9. Bxf3 Qc7 10. O-O Bd6 11. Qe2 O-O 12. Bg5 Nbd7 13. Rad1 Rfe8 14. Rfe1 h6 15. Bc1 Rad8 16. Ne4 Nxe4 17. Qxe4 e5 18. dxe5 Bxe5 19. Qh4 Nf6 20. Rxd8 Qxd8 21. Rd1 Qb6 22. c3 Rd8 23. Rxd8+ Qxd8 24. Kg2 Qd3 25. Qa4 Qb1 26. Bf4 Bxf4 27. Qxf4 Qxb2 28. Qb8+ Kh7 29. Bxc6 Qxa2 30. Qxb7 Qc4 31. Bb5 Qe6 32. Bd3+ Kh8 33. c4 Qd7 34. Qa8+ Ne8 35. Be4 Kg8 36. Bc6 Qd6 37. Qxe8+ Kh7 38. Be4+ g6 39. Qxf7+ Kh8 1-0


[Site "https://www.chess.com"]

[Event "Titled Tuesday Blitz October 25 Late 2022"]
[White "Banzea, Alexandru-Bogdan"]
[Black "Zilleruelo Irizarry, Diego"]
[WhiteFideId "1232622"]
[BlackFideId "3101460"]
[WhiteElo "2294"]
[BlackElo "1998"]
[Result "1-0"]
[Round "02"]
[TimeControl "180+1"]
[Date "2022.10.26"]
[WhiteClock "0:00:07"]
[BlackClock "0:00:03"]

1. d4 d5 2. Nf3 e6 3. Bf4 Bd6 4. e3 Bxf4 5. exf4 Nf6 6. Nbd2 c5 7. dxc5 Qa5 8. Bd3 Qxc5 9. O-O Nc6 10. c3 O-O 11. Qe2 b6 12. Rfe1 Bb7 13. Rad1 Rac8 14. Nb3 Qd6 15. Ne5 Rfd8 16. Bb1 Qf8 17. Nd4 Nxd4 18. Rxd4 Nd7 19. Nxd7 Rxd7 20. f5 Re8 21. f6 g6 22. Qe5 Qd6 23. Qg5 e5 24. Rh4 e4 25. Rh6 Re6 26. Qh4 Rxf6 27. Rxh7 Kf8 28. Bc2 Qf4 29. Qxf4 Rxf4 30. Rh8+ Kg7 31. Rb8 Ba6 32. Rd1 Rf6 33. Bxe4 Re6 34. Bf3 Be2 35. Re1 Bxf3 36. Rxe6 fxe6 37. gxf3 Kf6 38. Kf1 Kf5 39. Ke2 e5 40. Rf8+ Kg5 41. a4 Rd6 42. Rf7 a5 43. f4+ exf4 44. Kf3 d4 45. Rxf4 dxc3 46. h4+ Kh6 47. bxc3 Rd3+ 48. Kg4 Rxc3 49. Rf6 Rb3 50. h5 Rb4+ 51. f4 Rxa4 52. Rxb6 Rb4 53. Rxg6+ Kh7 54. Ra6 a4 55. Kg5 Kg7 56. Ra7+ Kh8 57. f5 Kg8 58. f6 Kh8 59. h6 Kg8 60. Ra8+ Kh7 61. Ra7+ Kg8 62. h7+ Kh8 63. Kg6 Rg4+ 64. Kf7 Rb4 65. Kg6 Rg4+ 66. Kf5 Rb4 67. Ra8+ Kxh7 68. f7 Rb1 69. f8=Q Rf1+ 70. Ke4 Rxf8 71. Rxf8 1-0


[Site "https://www.chess.com"]

[Event "Titled Tuesday Blitz October 25 Late 2022"]
[White "Barbero Sendic, Alejandro"]
[Black "Makarian, Rudik"]
[WhiteFideId "3001288"]
[BlackFideId "44105681"]
[WhiteElo "2314"]
[BlackElo "2405"]
[Result "0-1"]
[Round "02"]
[TimeControl "180+1"]
[Date "2022.10.26"]
[WhiteClock "0:01:05"]
[BlackClock "0:01:45"]

1. d4 Nf6 2. Nc3 g6 3. e4 d6 4. Nf3 a6 5. a4 Bg7 6. Bd3 Bg4 7. h3 Bxf3 8. Qxf3 Nc6 9. Ne2 O-O 10. c3 e5 11. d5 Ne7 12. O-O c6 13. c4 b5 14. dxc6 b4 15. Be3 Nxc6 16. c5 d5 17. exd5 Qxd5 18. Qxd5 Nxd5 19. Be4 Nxe3 20. Bxc6 Nxf1 21. Bxa8 Rxa8 22. Kxf1 e4 23. c6 Rc8 24. Rc1 Bxb2 25. Rc4 b3 26. Rxe4 Bf6 27. Rb4 b2 28. Ke1 Rxc6 29. Kd2 Kg7 30. g3 Rc4 31. Rb3 Rxa4 32. Nc3 Ra1 33. Rxb2 Ra3 0-1


[Site "https://www.chess.com"]

[Event "Titled Tuesday Blitz October 25 Late 2022"]
[White "Baskakov, Egor"]
[Black "Melikhov, Evgeny V."]
[WhiteFideId "24197866"]
[BlackFideId "4122046"]
[WhiteElo "2211"]
[BlackElo "2169"]
[Result "1-0"]
[Round "02"]
[TimeControl "180+1"]
[Date "2022.10.26"]
[WhiteClock "0:01:29"]
[BlackClock "0:00:01"]

1. c4 e5 2. Nc3 d6 3. g3 f5 4. Bg2 Nf6 5. e3 Be7 6. Nge2 O-O 7. d4 e4 8. O-O a5 9. f3 exf3 10. Bxf3 c6 11. Nf4 Na6 12. b3 Nc7 13. Bb2 Bd7 14. Qd3 Qe8 15. Rae1 g5 16. Nfe2 Qg6 17. e4 fxe4 18. Nxe4 Bf5 19. Nxf6+ Bxf6 20. Qd2 h6 21. Nc3 Rae8 22. Bg2 Bd3 23. Rxe8 Bxd4+ 24. Kh1 Rxe8 25. Rd1 Re3 26. Nd5 Re2 27. Ne7+ Rxe7 28. Bxd4 Be4 29. Bb6 Bxg2+ 30. Qxg2 a4 31. bxa4 Ne8 32. Bg1 Qe4 33. c5 d5 34. Qxe4 Rxe4 35. Rb1 Rxa4 36. Rxb7 Rxa2 37. Rb6 d4 38. Bxd4 Rd2 39. Be3 Re2 40. Bg1 Nf6 41. Rxc6 Ng4 42. h3 1-0


[Site "https://www.chess.com"]

[Event "Titled Tuesday Blitz October 25 Late 2022"]
[White "Bilan, Danila"]
[Black "Wiegmann, Sascha"]
[WhiteFideId "24161918"]
[BlackFideId "4682041"]
[WhiteElo "2203"]
[BlackElo "2297"]
[Result "1-0"]
[Round "02"]
[TimeControl "180+1"]
[Date "2022.10.26"]
[WhiteClock "0:00:53"]
[BlackClock "0:00:52"]

1. d4 Nf6 2. Nf3 g6 3. Bg5 Bg7 4. Nbd2 d5 5. e3 Nbd7 6. c4 dxc4 7. Bxc4 O-O 8. O-O c5 9. Rc1 b6 10. Qe2 Bb7 11. Rfd1 Ne4 12. Nxe4 Bxe4 13. dxc5 Bxf3 14. gxf3 Qc8 15. Ba6 1-0


[Site "https://www.chess.com"]

[Event "Titled Tuesday Blitz October 25 Late 2022"]
[White "Bjelobrk, Igor"]
[Black "Pinero Rodriguez, Carlos Jose"]
[WhiteFideId "4300726"]
[BlackFideId "3901726"]
[WhiteElo "2335"]
[BlackElo "2146"]
[Result "1/2-1/2"]
[Round "02"]
[TimeControl "180+1"]
[Date "2022.10.26"]
[WhiteClock "0:00:09"]
[BlackClock "0:00:25"]

1. c4 Nf6 2. g3 g6 3. Bg2 Bg7 4. Nc3 O-O 5. d4 d6 6. e3 c6 7. Nge2 e5 8. b3 Re8 9. Bb2 e4 10. h4 h5 11. Nf4 Bf5 12. Qd2 Nbd7 13. Bf1 a6 14. Be2 b5 15. O-O-O Nb6 16. Rde1 b4 17. Nd1 a5 18. a4 bxa3 19. Bxa3 a4 20. b4 d5 21. c5 Nc4 22. Bxc4 dxc4 23. Nc3 Nd5 24. Nfxd5 cxd5 25. b5 Be6 26. Kc2 Qa5 27. Rb1 Reb8 28. Rb2 Bf8 29. Rhb1 Ra7 30. Bb4 Qd8 31. Ra2 Qe8 32. b6 Ra6 33. Kc1 Qc6 34. Qc2 Rba8 35. Ra3 Bd7 36. Rba1 Qb7 37. Qd1 Rxb6 38. cxb6 Bxb4 39. Nxa4 Bxa3+ 40. Rxa3 Bxa4 41. Rxa4 Rxa4 42. Qxa4 Qxb6 43. Qe8+ Kg7 44. Qe5+ Kh7 45. Qxd5 c3 46. Qxf7+ Kh6 47. Qf8+ Kh7 48. Qf7+ Kh6 49. Qf8+ Kh7 50. Qe7+ Kh6 51. Qg5+ Kh7 52. Qe7+ Kh6 53. Qf8+ 1/2-1/2


[Site "https://www.chess.com"]

[Event "Titled Tuesday Blitz October 25 Late 2022"]
[White "Bogaudinov, Rushan"]
[Black "Girsh, Daniel"]
[WhiteFideId "4129288"]
[BlackFideId "30949190"]
[WhiteElo "1945"]
[BlackElo "2075"]
[Result "1-0"]
[Round "02"]
[TimeControl "180+1"]
[Date "2022.10.26"]
[WhiteClock "0:00:15"]
[BlackClock "0:00:23"]

1. g3 d5 2. Bg2 Nf6 3. d4 e6 4. Nf3 Be7 5. O-O O-O 6. b3 b6 7. Bb2 Bb7 8. c4 Nbd7 9. Nc3 c5 10. Rc1 dxc4 11. bxc4 cxd4 12. Qxd4 Nc5 13. Nb5 a6 14. Nc3 Qxd4 15. Nxd4 Bxg2 16. Kxg2 Rac8 17. Nb3 Rfd8 18. Rfd1 h6 19. h4 Kf8 20. f3 Ncd7 21. Na4 b5 22. cxb5 axb5 23. Nc3 b4 24. Nb5 Rb8 25. N5d4 Ne5 26. Na5 Ra8 27. Ndb3 Nd5 28. Kf2 Nc3 29. Rxd8+ Bxd8 30. Nb7 Bb6+ 31. Kf1 Be3 32. Bxc3 Bxc1 33. Bxb4+ Kg8 34. Nxc1 Rb8 35. Bd6 Rxb7 36. Bxe5 Rb1 37. Bf4 e5 38. Bd2 Kf8 39. Ke1 Ke7 40. Kd1 Kd6 41. Kc2 Rb8 42. a4 Kd5 43. a5 Kc4 44. Nd3 f6 45. Nf2 f5 46. Nd3 e4 47. fxe4 fxe4 48. Ne5+ Kd5 49. Bc3 Re8 50. Ng4 Kc4 51. Ne3+ Kb5 52. Bxg7 h5 53. Bc3 Rg8 54. Nf5 Rf8 55. Nd6+ Kc6 56. Nxe4 Rf1 57. Kd3 Rf8 58. Nf6 Rh8 59. e4 Rd8+ 60. Ke3 Kb5 61. Nxh5 Rc8 62. Bd2 Rc2 63. Nf4 Ra2 64. h5 Ra3+ 65. Nd3 Kc4 66. Kf4 Rxd3 67. Be1 Rd1 68. Bf2 Rf1 69. Kf3 Kd3 70. a6 Ra1 71. a7 Ra3 72. Kf4 Ke2 73. Bb6 Ra6 74. Bc5 Ra5 75. h6 Kd3 76. h7 Rxc5 77. h8=Q Rc2 78. a8=Q Rf2+ 79. Kg4 Ke2 80. Qa2+ Kf1 81. Qxf2+ Kxf2 82. e5 Ke3 83. e6 Kf2 84. Qe5 Kg2 85. Qe2+ Kg1 86. Kh3 Kh1 87. Qe1# 1-0


[Site "https://www.chess.com"]

[Event "Titled Tuesday Blitz October 25 Late 2022"]
[White "Bordi, Kevin"]
[Black "Bettalli, Francesco"]
[WhiteFideId "621862"]
[BlackFideId "2816453"]
[WhiteElo "2818"]
[BlackElo "2216"]
[Result "1-0"]
[Round "02"]
[TimeControl "180+1"]
[Date "2022.10.26"]
[WhiteClock "0:01:36"]
[BlackClock "0:00:25"]

1. e4 g6 2. d4 Bg7 3. Nc3 c6 4. Nf3 d5 5. Be3 dxe4 6. Nxe4 Nf6 7. Nxf6+ Bxf6 8. Qd2 O-O 9. O-O-O Nd7 10. h4 h5 11. g4 hxg4 12. Ng5 Nb6 13. h5 Bf5 14. hxg6 Bxg6 15. Bd3 Bxg5 16. Bxg5 Qxd4 17. Be3 Qd6 18. Qc3 Qf6 19. Bd4 Qg5+ 20. Be3 Qf6 21. Bd4 Qg5+ 22. Kb1 f6 23. Be3 Nd5 24. Qb3 Qe5 25. Bxg6 Kg7 26. Bd3 Rh8 27. Rhg1 Nxe3 28. fxe3 g3 29. Qb4 Rh5 30. a3 Rah8 31. Rdf1 Rg5 32. Qf4 Qxf4 33. exf4 Rg4 34. Bf5 g2 35. Bxg4 gxf1=Q+ 36. Rxf1 Kf7 37. Re1 Rh4 38. Be6+ Kg6 39. f5+ Kg5 40. Rg1+ Kf4 41. Rg7 b5 42. Rxe7 c5 43. Rxa7 Ke5 44. Rb7 b4 45. axb4 cxb4 46. Ka2 Kd4 47. Rxb4+ 1-0


[Site "https://www.chess.com"]

[Event "Titled Tuesday Blitz October 25 Late 2022"]
[White "Bortnyk, Olexandr"]
[Black "Velikanov, Alexander"]
[WhiteFideId "14120828"]
[BlackFideId "2039290"]
[WhiteElo "2723"]
[BlackElo "2259"]
[Result "1-0"]
[Round "02"]
[TimeControl "180+1"]
[Date "2022.10.26"]
[WhiteClock "0:02:23"]
[BlackClock "0:01:37"]

1. d4 Nf6 2. Nc3 d6 3. e4 e5 4. Nf3 Nbd7 5. Bc4 Be7 6. O-O O-O 7. Re1 c6 8. a4 b6 9. h3 a6 10. d5 cxd5 11. Bxd5 Ra7 12. Be3 Bb7 13. a5 Nc5 14. b4 Bxd5 15. bxc5 Bxe4 16. cxd6 Qxd6 17. Qxd6 Bxd6 18. Nxe4 Nxe4 19. Bxb6 1-0


[Site "https://www.chess.com"]

[Event "Titled Tuesday Blitz October 25 Late 2022"]
[White "Boruchovsky, Avital"]
[Black "Borisova, Ekaterina"]
[WhiteFideId "2800055"]
[BlackFideId "34124184"]
[WhiteElo "2466"]
[BlackElo "2134"]
[Result "1-0"]
[Round "02"]
[TimeControl "180+1"]
[Date "2022.10.26"]
[WhiteClock "0:01:22"]
[BlackClock "0:00:10"]

1. c4 e6 2. Nc3 Nf6 3. e4 d5 4. cxd5 exd5 5. e5 Ne4 6. d3 Nxc3 7. bxc3 c5 8. d4 Nc6 9. Nf3 Qa5 10. Bd2 Bf5 11. Qb3 Be6 12. Qxb7 Rc8 13. Bb5 Bd7 14. c4 Qd8 15. cxd5 Nxd4 16. Nxd4 cxd4 17. e6 fxe6 18. dxe6 Bxb5 19. Qf7# 1-0


[Site "https://www.chess.com"]

[Event "Titled Tuesday Blitz October 25 Late 2022"]
[White "Buscar, Michael"]
[Black "Marcolino, Daniel Mattos"]
[WhiteFideId "2603616"]
[BlackFideId "2106841"]
[WhiteElo "2010"]
[BlackElo "2078"]
[Result "0-1"]
[Round "02"]
[TimeControl "180+1"]
[Date "2022.10.26"]
[WhiteClock "0:01:22"]
[BlackClock "0:00:27"]

1. Nf3 d5 2. b3 Nf6 3. Bb2 e6 4. e3 Be7 5. c4 O-O 6. cxd5 exd5 7. Be2 Re8 8. O-O b6 9. d3 Bb7 10. Nbd2 Nbd7 11. Qc2 Rc8 12. Qc3 Bf8 13. Kh1 Qe7 14. Rg1 c5 15. g4 d4 16. Qc4 dxe3 17. fxe3 Qxe3 18. Rg2 Bd5 19. Qc3 Ne5 20. Rf1 Nexg4 21. Rfg1 Nf2+ 22. Rxf2 Qxf2 23. Qxf6 Qxg1+ 24. Kxg1 gxf6 25. Kf2 Bg7 26. Nh4 Be6 27. Bf3 Red8 28. Ke2 f5 29. Bxg7 Kxg7 30. Ng2 Kf6 31. Nf4 Rd4 32. Ng2 Rcd8 33. Ne1 Bd5 34. Bxd5 R4xd5 35. Nc4 Re8+ 36. Kf2 Rxe1 37. Kxe1 Rxd3 38. Kf2 Rc3 0-1


[Site "https://www.chess.com"]

[Event "Titled Tuesday Blitz October 25 Late 2022"]
[White "Butolo, Alexandru-Mircea"]
[Black "Mikhalsky, Vladimir"]
[WhiteFideId "1261649"]
[BlackFideId "14144352"]
[WhiteElo "1897"]
[BlackElo "2271"]
[Result "1/2-1/2"]
[Round "02"]
[TimeControl "180+1"]
[Date "2022.10.26"]
[WhiteClock "0:02:39"]
[BlackClock "0:01:52"]

1. d4 Nf6 2. Bf4 c5 3. e3 Qb6 4. Na3 Qxb2 5. Nb5 Na6 6. Rb1 Qxa2 7. Ra1 Qb2 8. Rb1 Qa2 9. Ra1 Qb2 10. Rb1 Qa2 1/2-1/2


[Site "https://www.chess.com"]

[Event "Titled Tuesday Blitz October 25 Late 2022"]
[White "Castellanos Gomez, Alejandro"]
[Black "Rose, Felix"]
[WhiteFideId "22284141"]
[BlackFideId "5105722"]
[WhiteElo "2168"]
[BlackElo "2039"]
[Result "1-0"]
[Round "02"]
[TimeControl "180+1"]
[Date "2022.10.26"]
[WhiteClock "0:00:52"]
[BlackClock "0:00:14"]

1. d4 Nf6 2. Bf4 d5 3. e3 e6 4. Nd2 Bd6 5. Bg3 O-O 6. Bd3 b6 7. f4 c5 8. c3 Ba6 9. Bxa6 Nxa6 10. Ngf3 b5 11. O-O b4 12. dxc5 Bxc5 13. Nd4 bxc3 14. bxc3 g6 15. Bh4 Rc8 16. N2f3 Be7 17. Ne5 Nb8 18. Rc1 Ne4 19. Be1 Qb6 20. Qg4 Rc7 21. f5 Ba3 22. fxg6 Bxc1 23. gxh7+ Kh8 24. Qh3 f5 25. Ng6+ 1-0


[Site "https://www.chess.com"]

[Event "Titled Tuesday Blitz October 25 Late 2022"]
[White "Chizhikov, Vladislav"]
[Black "Jimenez Jimenez, Leandro"]
[WhiteFideId "4178157"]
[BlackFideId "6415253"]
[WhiteElo "2179"]
[BlackElo "2217"]
[Result "1-0"]
[Round "02"]
[TimeControl "180+1"]
[Date "2022.10.26"]
[WhiteClock "0:02:40"]
[BlackClock "0:02:20"]

1. e4 e5 2. Nf3 Nc6 3. Bc4 Bc5 4. O-O Nf6 5. d4 Bxd4 6. Nxd4 Nxd4 7. Bg5 Ne6 8. f4 h6 9. fxe5 hxg5 10. exf6 gxf6 11. Nc3 Nd4 12. Qxd4 1-0


[Site "https://www.chess.com"]

[Event "Titled Tuesday Blitz October 25 Late 2022"]
[White "Culum, Sanjin"]
[Black "Annaberdiyev, Babageldi"]
[WhiteFideId "14420937"]
[BlackFideId "14000385"]
[WhiteElo "2180"]
[BlackElo "2332"]
[Result "0-1"]
[Round "02"]
[TimeControl "180+1"]
[Date "2022.10.26"]
[WhiteClock "0:00:06"]
[BlackClock "0:00:29"]

1. d4 e6 2. Nf3 f5 3. g3 Nf6 4. Bg2 d5 5. O-O Bd6 6. b3 Nbd7 7. c4 c6 8. Nbd2 Qe7 9. Bb2 O-O 10. Ne5 Ne4 11. Ndf3 Nxe5 12. Nxe5 Bd7 13. f3 Nf6 14. Kh1 a5 15. a3 Be8 16. c5 Bc7 17. b4 h5 18. Bc3 g5 19. bxa5 Nd7 20. f4 Nxe5 21. fxe5 Bxa5 22. Bxa5 Rxa5 23. Qd2 Ra7 24. Rfb1 Bg6 25. Rb3 f4 26. gxf4 Rxf4 27. Rf3 Rxf3 28. Bxf3 g4 29. Bg2 Kg7 30. Qe3 h4 31. Rf1 Bf5 32. h3 g3 33. Qf3 Kg6 34. e4 dxe4 35. Qe2 Qg5 36. Bxe4 Rxa3 37. Bxf5+ exf5 38. e6 Re3 39. Qa2 f4 40. Rg1 Qf5 41. Qa8 Qe4+ 42. Rg2 Re1# 0-1


[Site "https://www.chess.com"]

[Event "Titled Tuesday Blitz October 25 Late 2022"]
[White "D`Arruda, Ricardo D."]
[Black "Iliaguev, Nisim"]
[WhiteFideId "100692"]
[BlackFideId "2817276"]
[WhiteElo "2449"]
[BlackElo "2264"]
[Result "1/2-1/2"]
[Round "02"]
[TimeControl "180+1"]
[Date "2022.10.26"]
[WhiteClock "0:00:15"]
[BlackClock "0:00:47"]

1. d4 Nf6 2. Nf3 e6 3. c3 c5 4. e3 Nc6 5. Nbd2 Be7 6. g3 O-O 7. Bg2 d5 8. O-O b6 9. Re1 Bb7 10. Ne5 Nxe5 11. dxe5 Nd7 12. f4 c4 13. e4 Nc5 14. exd5 Bxd5 15. Nf3 Nd3 16. Re2 Qc7 17. Be3 Rad8 18. Qc2 Qb7 19. Ne1 Bxg2 20. Rxg2 Bc5 21. Bxc5 Nxc5 22. Rd2 h5 23. Rad1 Rxd2 24. Qxd2 h4 25. Qg2 Qa6 26. a3 Nd3 27. Nxd3 cxd3 28. gxh4 Qc4 29. Qf2 Rd8 30. h5 Qe4 31. Rd2 Qf5 32. Qf3 b5 33. h3 a5 34. Kh2 Rd5 35. Kg3 Kh7 36. Kf2 b4 37. axb4 axb4 38. Ke3 bxc3 39. bxc3 f6 40. Qe4 fxe5 41. Qxf5+ exf5 42. fxe5 Rxe5+ 43. Kxd3 f4 44. Rf2 Rxh5 45. Rxf4 Rxh3+ 46. Kd4 g5 47. Rf1 Kg6 48. c4 Rh2 49. c5 g4 50. Kd5 Rd2+ 51. Ke6 Rc2 52. Kd6 Kg5 53. c6 g3 54. c7 Kg4 55. Kd7 g2 56. Rg1 Kg3 57. Rxg2+ Kxg2 58. c8=Q Rxc8 59. Kxc8 1/2-1/2


[Site "https://www.chess.com"]

[Event "Titled Tuesday Blitz October 25 Late 2022"]
[White "Danielyan, Vahe"]
[Black "Roque Sola, Gisela"]
[WhiteFideId "13304828"]
[BlackFideId "5120241"]
[WhiteElo "2421"]
[BlackElo "1961"]
[Result "1-0"]
[Round "02"]
[TimeControl "180+1"]
[Date "2022.10.26"]
[WhiteClock "0:02:38"]
[BlackClock "0:01:15"]

1. e4 e6 2. d3 d5 3. Nd2 c5 4. Ngf3 Nc6 5. g3 Be7 6. Bg2 a5 7. O-O b6 8. Re1 Ra7 9. h4 h6 10. b3 g5 11. h5 Bf6 12. e5 Bg7 13. Bb2 Nge7 14. a4 O-O 15. Nf1 Rd7 16. N1h2 Nf5 17. Ng4 Ba6 18. Bc1 Bb7 19. c3 d4 20. c4 Nb4 21. Ba3 Qa8 22. Bxb4 axb4 23. Qe2 Bc6 24. Red1 Ra7 25. Ne1 Bxg2 26. Nxg2 Kh7 27. Ne1 Bh8 28. Nf3 Ng7 29. Nf6# 1-0


[Site "https://www.chess.com"]